 Dungeon Crawl Stone Soup version 0.26.0-10-g1f06aea511 (webtiles) character file.

Game seed: 4911589454376748109

2141 inc the Jinx (level 9, -3/45 HPs)
             Began as a Felid Conjurer on Feb 3, 2021.
             Was a Plaything of Xom.
             Shot with a sling bullet by Joseph (11 damage)
             ... on level 9 of the Dungeon.
             The game lasted 00:20:07 (12452 turns).

inc the Jinx (Felid Conjurer)                      Turns: 12452, Time: 00:20:07

Health: -3/45      AC:  2    Str:  3    XL:     9   Next: 9%
Magic:  5/11       EV: 19    Int: 23    God:    Xom [..*...]
Gold:   479        SH:  0    Dex: 14    Spells: 5/12 levels left
                                        Lives:  0   Deaths: 2

rFire    . . .     SeeInvis +   (weapon unavailable)
rCold    . . .     Faith    .   (shield unavailable)
rNeg     . . .     Spirit   .   (armour unavailable)
rPois    .         Reflect  .   (helmet unavailable)
rElec    .         Harm     .   (cloak unavailable)
rCorr    .         Rampage  .   (gloves unavailable)
Will     +....                  (boots unavailable)
Stlth    +++.......             (no amulet)
HPRegen  0.15/turn              (no ring)
MPRegen  0.12/turn              (no ring)

@: quick
A: very small, no armour, no weapons or thrown items, stealth, claws 1, fangs 3,
see invisible, speed 1, low mp 1, shaggy fur 2, sharp paws
a: Renounce Religion


You were on level 9 of the Dungeon.
You worshipped Xom.
You were a toy of Xom.
You visited 2 branches of the dungeon, and saw 10 of its levels.
You also visited: Bailey.

You collected 479 gold pieces.

Inventory:

Wands
 a - a wand of random effects (9)
 o - a wand of flame (14)
 u - a wand of iceblast (9)
 x - a wand of acid (5)
 z - a wand of paralysis (3)
Scrolls
 c - 7 scrolls of teleportation {unknown}
 d - 2 scrolls of amnesia
 e - 3 scrolls of fear {unknown}
 f - 2 scrolls of immolation {unknown}
 g - 5 scrolls of fog {unknown}
 h - 2 scrolls of enchant weapon {unknown}
 i - 2 scrolls of noise {unknown}
 m - 4 scrolls of enchant armour {unknown}
 v - 2 scrolls of remove curse {unknown}
 y - a scroll of blinking {unknown}
Potions
 b - 2 potions of cancellation
 l - 2 potions of lignification
 n - a potion of attraction
 p - 5 potions of curing
 q - 2 potions of brilliance
 s - 3 potions of flight
 t - a potion of berserk rage {unknown}
 A - a potion of resistance {unknown}
 B - a potion of magic {unknown}
 C - 15 potions of degeneration


   Skills:
 + Level 8.8 Fighting
 + Level 4.8 Dodging
 - Level 2.6 Stealth
 - Level 2.0 Spellcasting
 - Level 9.0 Conjurations
 - Level 10.1 Hexes


You had 5 spell levels left.
You knew the following spells:

 Your Spells              Type           Power        Failure   Level
a - Magic Dart            Conj           100%         1%          1
b - Searing Ray           Conj           86%          1%          2
c - Fulminant Prism       Conj/Hex       23%          2%          4

Your spell library contained the following spells:

 Spells                   Type           Power        Failure   Level
 Dazzling Flash           Conj/Hex       92%          1%          3
 Iskenderun's Mystic Bla  Conj/Tloc      23%          21%         4


Dungeon Overview and Level Annotations

Branches:
Dungeon (9/15)             Temple (1/1) D:4          Bailey (visited)
   Lair: D:8-11         Orc: D:9-12

Altars:
Ashenzari
Cheibriados
Dithmenos
Elyvilon
Fedhas
Gozag
Hepliaklqana
Kikubaaqudgha
Makhleb
Nemelex Xobeh
Okawaru
Qazlal
Ru
Sif Muna
Trog
Uskayaw
Vehumet
Wu Jian
Xom
Yredelemnul
Zin
The Shining One

Annotations:
D:4 3 runed translucent doors, SamuraiZach's ghost, novice FoFi
D:9 Joseph


Innate Abilities, Weirdness & Mutations

You cannot wear armour.
You are incapable of wielding weapons or throwing items.
Your paws allow you to move quietly. (Stealth)
You have sharp claws.
You have razor-sharp teeth.
You have supernaturally acute eyesight. (SInv)
You cover ground quickly.
You are covered in thick fur. (AC +2)
Your sharp claws are effective at attacking unaware monsters.
Your magical capacity is low. (-10% MP)


Message History

Joseph is severely wounded. (Press . to maintain the ray.) Joseph hits you with a +0 quarterstaff!
* * * LOW HITPOINT WARNING * * *
You swap places.
Your ufetubus closely misses Joseph.
Your ufetubus hits Joseph.
Joseph unwields a +0 quarterstaff.
Joseph wields a +0 hunting sling.
Joseph shoots a sling bullet.
The sling bullet hits your ufetubus!
Your ufetubus dies!
Okay, then.
As you read the scroll labelled IRRIET HUBUNUM, it crumbles to dust.
It is a scroll of amnesia.
Really abort (and waste the scroll)?
Okay, then.
Joseph shoots a sling bullet.
The sling bullet misses you.
Unknown command.
Okay, then.
Joseph shoots a sling bullet.
The sling bullet hits you!
You die...
Xom snickers!

#.########........
#.#........#######
#.#.######.######..
######.#.# ##.......#
#........# ##.).#####..
##.####...# #..(..####..##
#.........####............#
#..##..............####...#
#.##..#####@..## #
#..##.##..######.##
#.............##.#
.###.#.#####.##.# #.#.# #@#
#.# #...# #....# #.# ###.#
#.#... #.# #.#####.#.###
#)# #<......#.


You could see Joseph.

Vanquished Creatures
  Erica (D:9)
  An orc sorcerer (Bailey)
  A kobold demonologist (Bailey)
  Prince Ribbit (D:8)
  Grinder (D:6)
  Eustachio (D:6)
  Edmund (D:6)
  6 orc warriors (Bailey)
  2 phantoms
  2 ogres
  A centaur (D:8)
  A big kobold (D:9)
  2 bullfrogs
  A scorpion (D:5)
  A water moccasin skeleton (D:6)
  An electric eel (Bailey)
  3 hounds
  A gnoll shaman (D:8)
  A bullfrog zombie (D:5)
  2 orc priests
  2 centaur skeletons
  4 orc wizards
  A bullfrog skeleton (D:7)
  An iguana (D:6)
  Jessica (D:2)
  Ijyb (D:4)
  6 worker ants
  A hound zombie (D:9)
  Robin (D:3)
  16 gnolls
  8 adders
  A shadow imp (D:9)
  A white imp (D:8)
  An ufetubus (D:9)
  An ooze (D:5)
  An adder zombie (D:8)
  2 adder skeletons
  2 worms (D:2)
  A dart slug (D:3)
  5 leopard geckos
  26 orcs
  4 ball pythons
  5 giant cockroaches
  17 goblins
  20 hobgoblins
  19 jackals
  4 quokkas
  4 bats
  11 frilled lizards
  A giant cockroach zombie (D:6)
  A jackal zombie (D:5)
  12 kobolds
  A quokka skeleton (D:3)
  6 rats
  A spectral orc (D:8)
220 creatures vanquished.

Vanquished Creatures (collateral kills)
  A big kobold (D:7)
  2 kobolds (D:7)
3 creatures vanquished.

Vanquished Creatures (others)
  A scorpion (D:8)
  10 fulminant prisms
11 creatures vanquished.

Grand Total: 234 creatures vanquished

Notes
Turn   | Place    | Note
-------+----------+-------------------------------------------
     0 | D:1      | inc the Felid Conjurer began the quest for the Orb.
     0 | D:1      | Reached XP level 1. HP: 7/7 MP: 4/4
   186 | D:1      | Reached XP level 2. HP: 11/11 MP: 3/6
   967 | D:2      | Learned a level 2 spell: Searing Ray
   973 | D:2      | Reached XP level 3. HP: 14/14 MP: 2/7
  1382 | D:2      | Reached skill level 5 in Conjurations
  1605 | D:2      | Reached XP level 4. HP: 18/18 MP: 1/8
  2082 | D:2      | Noticed Jessica
  2084 | D:2      | Killed Jessica
  2881 | D:3      | Reached XP level 5. HP: 21/21 MP: 4/9
  3106 | D:3      | Noticed Robin
  3113 | D:3      | Killed Robin
  3825 | D:3      | Learned a level 4 spell: Fulminant Prism
  3861 | D:3      | Found a shadowy altar of Dithmenos.
  4052 | D:3      | Found a sparkling altar of Nemelex Xobeh.
  4246 | D:4      | Found a staircase to the Ecumenical Temple.
  4259 | Temple   | Entered the Ecumenical Temple
  4329 | Temple   | Became a worshipper of Xom of Chaos
  4341 | Temple   | XOM: divination: detect items
  4394 | D:4      | Reached skill level 1 in Hexes
  4450 | D:4      | Noticed Ijyb
  4743 | D:4      | Killed Ijyb
  4744 | D:4      | Reached skill level 2 in Hexes
  4818 | D:4      | Noticed SamuraiZach's ghost (novice FoFi)
  4819 | D:4      | Found a runed translucent gate.
  4819 | D:4      | Found a runed translucent gate.
  4819 | D:4      | Found a runed translucent gate.
  5312 | D:4      | XOM: silly message
  5363 | D:4      | XOM: divination: detect items
  5371 | D:5      | Entered Level 5 of the Dungeon
  5475 | D:5      | XOM: 2-stop teleportation journey
  5476 | D:5      | XOM: noise
  5536 | D:5      | XOM: cloud trail
  5599 | D:5      | Found a broken altar of Ashenzari.
  5651 | D:5      | XOM: silly message
  5697 | D:5      | Reached skill level 3 in Hexes
  5697 | D:5      | Gained mutation: You are covered in thick fur. (AC +2)
                  | [Felid growth]
  5697 | D:5      | Reached XP level 6. HP: 24/24 MP: 5/10
  5840 | D:5      | XOM: divination: detect items
  6216 | D:5      | Reached skill level 4 in Hexes
  6217 | D:5      | XOM: confuse monster(s)
  6261 | D:5      | XOM: noise
  6331 | D:5      | Found a radiant altar of Vehumet.
  6385 | D:5      | Reached skill level 5 in Hexes
  6476 | D:5      | XOM: silly message
  6548 | D:6      | Reached XP level 7. HP: 27/27 MP: 7/11
  6766 | D:6      | Noticed Grinder
  6774 | D:6      | Killed Grinder
  6775 | D:6      | Reached skill level 6 in Hexes
  6950 | D:6      | XOM: scenery: create altars
  6977 | D:6      | Reached skill level 7 in Hexes
  7150 | D:6      | XOM: cloud trail
  7229 | D:6      | XOM: scenery: create altars
  7239 | D:6      | XOM: silly message
  7241 | D:6      | Noticed Edmund
  7243 | D:6      | XOM: noise
  7257 | D:6      | XOM: divination: magic mapping
  7273 | D:6      | XOM: scenery: create altars
  7310 | D:6      | Killed Edmund
  7311 | D:6      | Reached XP level 8. HP: 23/31 MP: 2/12
  7354 | D:6      | XOM: torment (15/31 hp)
  7671 | D:6      | Noticed Eustachio
  7675 | D:6      | XOM: 2-stop teleportation journey
  7679 | D:6      | XOM: polymorph ufetubus -> white imp
  7682 | D:6      | Killed Eustachio
  7683 | D:6      | Reached skill level 8 in Hexes
  7957 | D:6      | Found an ornate altar of the Wu Jian Council.
  7962 | D:6      | Found a glowing silver altar of Zin.
  7967 | D:6      | Found a burning altar of Makhleb.
  8134 | D:6      | XOM: 2-stop teleportation journey
  8370 | D:7      | Reached skill level 9 in Hexes
  8590 | D:7      | XOM: give mutation
  8590 | D:7      | Gained mutation: Your magical capacity is low. (-10% MP)
                  | [Xom's mischief]
  8594 | D:7      | Found a sparkling altar of Nemelex Xobeh.
  8649 | D:7      | XOM: summons 8 friendly demons
  9021 | D:7      | Found a blossoming altar of Fedhas.
  9743 | D:8      | Noticed Prince Ribbit
  9783 | D:8      | Reached skill level 10 in Hexes
  9877 | D:8      | Found a basalt altar of Yredelemnul.
  9941 | D:8      | Found a flagged portal.
  9970 | Bailey   | Entered a bailey
 10095 | Bailey   | Found an iron altar of Okawaru.
 10095 | Bailey   | Noticed an orc sorcerer
 10095 | Bailey   | Noticed a kobold demonologist
 10111 | Bailey   | XOM: butterfly on damage
 10118 | Bailey   | XOM: scenery: 3 doors close
 10125 | Bailey   | XOM: blink monster(s)
 10129 | Bailey   | Killed an orc sorcerer
 10130 | Bailey   | Reached XP level 9. HP: 37/39 MP: 1/11
 10292 | Bailey   | Identified the +10 arbalest of Duluet {vorpal, *Drain
                  | +Blink Stlth+}
 10379 | Bailey   | Reached skill level 5 in Fighting
 10402 | Bailey   | Noticed an orc knight
 10414 | Bailey   | XOM: 7-stop teleportation journey
 10425 | Bailey   | XOM: chaos cloud
 10428 | Bailey   | Killed a kobold demonologist
 10440 | Bailey   | Noticed an orc knight
 10453 | Bailey   | Slain by an orc warrior
 10454 | Bailey   | Reached XP level 8. HP: -3/39 MP: 2/10
 10467 | Bailey   | XOM: 1-stop teleportation journey
 10823 | Bailey   | XOM: fog
 10841 | Bailey   | Demolished by an orc knight
 10842 | Bailey   | Reached XP level 7. HP: -17/36 MP: 0/10
 10923 | D:8      | XOM: 3-stop teleportation journey
 10929 | D:8      | XOM: smoke on damage
 10968 | D:8      | XOM: chaos upgrade
 10974 | D:8      | XOM: summons 2 hostile shadow creatures
 10975 | D:8      | XOM: destruction
 11123 | D:8      | XOM: enchant monster (good)
 11127 | D:8      | Killed Prince Ribbit
 11128 | D:8      | Reached XP level 8. HP: 40/40 MP: 2/10
 11175 | D:8      | XOM: stat loss: -1 Str (2/3)
 11437 | D:8      | XOM: noise
 11850 | D:9      | XOM: silly message
 11859 | D:9      | XOM: silly message
 12037 | D:9      | Noticed Erica
 12039 | D:9      | XOM: enchant monster (good)
 12043 | D:9      | Killed Erica
 12044 | D:9      | Reached XP level 9. HP: 45/45 MP: 2/11
 12136 | D:9      | Found a bloodstained altar of Trog.
 12441 | D:9      | Noticed Joseph
 12442 | D:9      | XOM: summons friendly ufetubus
 12452 | D:9      | Shot with a sling bullet by Joseph

Illustrated notes

Levels and vault maps discovered:
D:1:      scummos_arrival_hexagon, layout_loops_cross
D:2:      layout_basic, kennysheep_generic_room_3, uniq_jessica
D:3:      layout_basic, grunt_dithmenos_smoke, marbit_many_paths, uniq_robin
D:4:      layout_gridville, minmay_temple_entry_grid, gammafunk_ghost_split,
          uniq_ijyb
D:5:      layout_cave_pods, evilmike_ruin_ashenzari, vehumet_crystals
D:6:      layout_loops_cross, minmay_overflow_temple_star_quad,
          grunt_decor_fettered, minivault_24, uniq_edmund, uniq_eustachio,
          uniq_grinder
D:7:      layout_basic, fedhas_altar_3, nemelex_xobeh_ov_fountains_minmay
D:8:      layout_loops_corners, yredelemnul_forgotten_temple_becter,
          enter_bailey_7, kennysheep_another_room, uniq_prince_ribbit1
D:9:      layout_loops_ring, trog_eyes_of_draining, uniq_erica, uniq_joseph
Temple:   minmay_temple_bridge_abc

Skill      XL: |  1  2  3  4  5  6  7  8  9 |
---------------+----------------------------+-----
Conjurations   | 4 5 6 7 9 |  9.0
Hexes          | 3 5 7 10 | 10.1
Fighting       | 8 6 |  8.8
Dodging        | 4 |  4.8
Stealth        | |  2.6
Spellcasting   | |  2.0

Action                   |  1- 3 |  4- 6 |  7- 9 || total
-------------------------+-------+-------+-------++-------
Melee: Unarmed           |     2 |     1 |    31 ||    34
       Bite              |     2 |       |     1 ||     3
 Cast: Magic Dart        |    58 |    22 |     7 ||    87
       Searing Ray       |     4 |    61 |    88 ||   153
       Fulminant Prism   |       |       |    10 ||    10
  Use: Scroll            |       |       |    10 ||    10
       Potion            |       |       |     5 ||     5
Armor: Skin              |     1 |     1 |    22 ||    24
Dodge: Dodged            |    10 |    27 |    60 ||    97
